AoeStats
← Sir Waylon

Arena

508229992Analyzed
1v1 RM · 12d ago on Sep 21, 2026· 41m 16s· 2 players
Game mode
Random Map
Map size
Tiny (2 player)
Population
200
Speed
Normal
Resources
Standard
Victory
Conquest
Starting age
Dark Age
Ending age
Imperial Age
RankedLock teamsTeams togetherTeam positionsShared explorationLock speedFull tech treeHidden civsTurbo modeCheats
Victory
Defeat
🇨🇱 Khmer · Chile
918
+15
🇭🇰 Huns · Hong Kong SAR China
897
-39
tommyhk
12:03 Feudal Age
13:28 Wheelbarrow
12:59 Horse Collar
13:19 Double-Bit Axe
20:15 Castle Age
19:10 Bloodlines
20:00 Gold Mining
23:31 Fletching
24:25 Husbandry
25:45 Padded Archer Armor
26:39 Thumb Ring
26:53 Stone Mining
27:44 Hand Cart
27:19 Town Watch
27:18 Light Cavalry
28:37 Bodkin Arrow
29:48 Loom
31:29 Ballistics
32:45 Leather Archer Armor
32:36 Scale Barding Armor
36:09 Imperial Age
35:05 Masonry
36:10 Pikeman
37:29 Parthian Tactics
36:27 Heavy Cavalry Archer
37:25 Squires
39:12 Halberdier
Sir Waylon
10:19 Feudal Age
11:32 Loom
13:49 Castle Age
12:33 Loom
13:45 Double-Bit Axe
22:16 Horse Collar
23:58 Bow Saw
24:02 Heavy Plow
25:58 Stone Mining
29:46 Imperial Age
30:33 Stone Shaft Mining
31:03 Gold Mining
31:48 Crop Rotation
31:34 Husbandry
31:48 Bloodlines
30:58 Light Cavalry
32:33 Double Crossbow
32:53 Conscription
33:08 Conscription
34:38 Siege Engineers
34:12 Elite Ballista Elephant
37:18 Gold Shaft Mining
Connection lost

Rejoining the realm…

Still unreachable

The connection could not be restored.

Session expired

The server has moved on; the page needs a fresh start.